 Dungeon Crawl Stone Soup version 0.27-a0-334-g52645efa06 (webtiles) character file.

Game seed: 8130555958429241487

54 tilp the Sneak (level 3, 0/24 HPs)
             Began as an Octopode Transmuter on Feb 13, 2021.
             Was an Initiate of Ru.
             Slain by an adder (1 damage)
             ... on level 3 of the Dungeon.
             The game lasted 00:02:51 (2199 turns).

tilp the Sneak (Octopode Transmuter)                Turns: 2199, Time: 00:02:51

Health: 0/24       AC:  5    Str:  9    XL:     3   Next: 91%
Magic:  4/6        EV: 13    Int: 16    God:    Ru [......]
Gold:   108        SH:  0    Dex: 12    Spells: 3/6 levels left

rFire    . . .     SeeInvis .     - Unarmed
rCold    . . .     Faith    .   (no shield)
rNeg     . . .     Spirit   .   (helmet currently unavailable)
rPois    .         Reflect  .   (no amulet)
rElec    .         Harm     .   f - +4 ring of protection
rCorr    .         Rampage  .   (no ring)
Will     .....                  (no ring)
Stlth    +++.......             (no ring)
HPRegen  0.08/turn              (no ring)
MPRegen  0.10/turn              (no ring)
                                (no ring)
                                (no ring)

@: lethally poisoned (0 -> -4), appendages, wereblooded, invisible
A: almost no armour, stealthy swim, amphibious, 8 rings, constrict 8, tentacle
spike 3, camouflage 1, gelatinous body 1
a: End Transformation, Renounce Religion


You were on level 3 of the Dungeon.
You worshipped Ru.
Ru was noncommittal.
One of your tentacles had a temporary spike.
You visited 1 branch of the dungeon, and saw 3 of its levels.

You collected 108 gold pieces.

Inventory:

Missiles
 a - 35 stones (quivered)
Armour
 g - a +0 kite shield
Jewellery
 b - a ring of protection from cold {unknown}
 f - a +4 ring of protection (left tentacle)
Scrolls
 c - a scroll of fear {unknown}
 d - a scroll of amnesia {unknown}
 h - a scroll of fog {unknown}
 j - 3 scrolls of teleportation
 k - a scroll of magic mapping
Potions
 e - 2 potions of brilliance
 l - a potion of lignification
 m - a potion of might {unknown}


   Skills:
 + Level 1.6 Fighting
 - Level 2.0 Dodging
 - Level 4.0 Stealth
 + Level 3.3 Unarmed Combat
 - Level 2.0 Spellcasting
 - Level 2.0 Transmutations


You had 3 spell levels left.
You knew the following spells:

 Your Spells              Type           Power        Failure   Level
a - Beastly Appendage     Tmut           16%          9%          1
b - Wereblood             Tmut           8%           14%         2

Your spell library contained the following spells:

 Spells                   Type           Power        Failure   Level
 Spider Form              Tmut/Pois      2%           38%         3
 Ice Form                 Ice/Tmut       4%           80%         4
 Blade Hands              Tmut           4%           94%         5


Dungeon Overview and Level Annotations

Branches:
Dungeon (3/15)

Altars:
Ru
Uskayaw
The Shining One


Innate Abilities, Weirdness & Mutations

You cannot wear most types of armour.
You are very stealthy in the water. (Stealth+)
You are amphibious.
You can wear up to eight rings at the same time.
You can use your tentacles to constrict eight enemies at once.
Your skin changes colour to match your surroundings (Stealth+).
Your rubbery body absorbs attacks. (AC +1, EV +1)
One of your tentacles bears a large vicious spike.


Message History

Casting: Beastly Appendage (safe; 9% risk of failure)
Confirm with . or Enter, or press ? or * to list all spells.
One of your tentacles grows a vicious spike.
The hobgoblin shouts!
You hear an angry hiss.
The hobgoblin hits you but does no damage.
Casting: Beastly Appendage (safe; 9% risk of failure)
Confirm with . or Enter, or press ? or * to list all spells.
Your blood is infused with primal strength.
The hobgoblin hits you.
You tentacle-slap the hobgoblin but do no damage.
You grab the hobgoblin.
You pierce the hobgoblin.
You kill the hobgoblin!
The worm bites you!
You are too injured to fight recklessly!
You are too injured to fight recklessly!
You are too injured to fight recklessly!
You barely miss the worm. You grab the worm. You constrict the worm.
An adder comes into view.
The worm bites you.
You barely miss the worm.
You pierce the worm, but do no damage.
You constrict the worm. You tentacle-slap the worm.
You squeeze the worm, but do no damage.
The worm is moderately wounded.
You constrict the worm. The adder misses you. The worm bites you!
* * * LOW HITPOINT WARNING * * *
You miss the adder. Your grab misses the adder. You constrict the worm.
The adder bites you.
* * * LOW HITPOINT WARNING * * *
You are lethally poisoned!
The adder poisons you!
You miss the adder. Your grab misses the adder.
Your tentacle spike misses the adder.
Your squeeze misses the adder. You constrict the worm.
* * * LOW HITPOINT WARNING * * *
You feel sick. The adder misses you. The worm barely misses you.
Unknown command.
It was a potion of invisibility.
You fade into invisibility!
You constrict the worm. The adder closely misses you. The adder bites you.
You die...

....# ..#...
.>... ...# .
####...#.(
.<....... .#.
#w....##.
.....##@.......
#.....S<....###
########....#
....... ..#.###
....# ..### ..#
..#


You could see a worm and an adder.

Vanquished Creatures
  An adder (D:2)
  A white imp (D:2)
  2 oozes (D:1)
  A leopard gecko (D:1)
  4 giant cockroaches (D:2)
  6 hobgoblins
  3 kobolds
  A bat (D:1)
  2 frilled lizards
  3 goblins
  5 rats
29 creatures vanquished.

Notes
Turn   | Place    | Note
-------+----------+-------------------------------------------
     0 | D:1      | tilp the Octopode Transmuter began the quest for the Orb.
     0 | D:1      | Reached XP level 1. HP: 13/13 MP: 3/3
   186 | D:1      | Reached skill level 1 in Stealth
   358 | D:1      | Reached skill level 2 in Stealth
   360 | D:1      | Reached XP level 2. HP: 13/18 MP: 3/5
   377 | D:1      | Reached skill level 3 in Stealth
  1376 | D:2      | Learned a level 2 spell: Wereblood
  1379 | D:2      | Reached XP level 3. HP: 23/23 MP: 0/6
  1387 | D:2      | Reached skill level 4 in Stealth
  1955 | D:2      | Found a sacrificial altar of Ru.
  2038 | D:2      | Became a worshipper of Ru the Awakened
  2085 | D:2      | Found a glowing golden altar of the Shining One.
  2088 | D:2      | Found a hide-covered altar of Uskayaw.
  2198 | D:3      | HP: 1/24 [poisoned by an adder]
  2199 | D:3      | Slain by an adder

Illustrated notes

Levels and vault maps discovered:
D:1:      elethiomel_arrival_shortcut, layout_loops_ring
D:2:      layout_basic, minitemple, nicolae_ru_path_of_blood
D:3:      layout_loops_ring, minmay_door_square, grunt_decor_fettered

Skill      XL: |  1  2  3 |
---------------+----------+-----
Stealth        | 2 3 4 |  4.0
Fighting       | |  1.6
Dodging        | |  2.0
Unarmed Combat | |  3.3
Spellcasting   | |  2.0
Transmutations | |  2.0

Action                   || total
-------------------------++-------
Melee: Unarmed           ||    81
       Constrict         ||    19
       Kick              ||    17
       Tentacles         ||     8
Throw: Stone             ||     5
 Cast: Beastly Appendage ||    20
       Wereblood         ||     2
  Use: Scroll            ||     5
       Potion            ||     1
 Stab: Sleeping          ||     2
Armor: Skin              ||    11
Dodge: Dodged            ||    39

Table legend: (Time is in decaauts)
 A = Elapsed time spent in this place.
 B = Non-inter-level travel time spent in this place.
 C = Inter-level travel time spent in this place.
 D = Time resting spent in this place.
 E = Time spent auto-exploring this place.
 F = Levels seen in this place.
 G = Mean time per level.
                   A        B        C        D        E       F      G
               +--------+--------+--------+--------+--------+-----+--------+
         Total |   2194 |   2109 |     85 |    255 |   1587 |   3 |  731.3 |
       Dungeon |   2194 |   2109 |     85 |    255 |   1587 |   3 |  731.3 |
               +--------+--------+--------+--------+--------+-----+--------+

Top non-repeatable levels by time:
     D:1: 1340 daAuts
     D:2: 844 daAuts
     D:3: 9 daAuts
